 Dungeon Crawl Stone Soup version 0.16-a0-1120-gd281f79 (webtiles) character file.

787 Ololoev the Carver (level 7, -4/55 HPs)
             Began as a Centaur Gladiator on Oct 6, 2014.
             Slain by a raven (9 damage)
             ... on level 5 of the Dungeon.
             The game lasted 00:15:00 (6709 turns).

Ololoev the Carver (Centaur Gladiator)              Turns: 6709, Time: 00:15:01

Health: -4/55      AC:  8    Str: 17    XL:     7   Next: 56%
Magic:  5/5        EV: 10    Int:  7    God:
Gold:   91         SH:  0    Dex: 12    Spells: 0 memorised, 6 levels left

rFire  . . .     SeeInvis .     a - +0 long sword
rCold  . . .     Clarity  .     w - +1 robe {MR+}
rNeg   . . .     SustAb   .     (no shield)
rPois  .         Gourm    .     c - +0 helmet
rElec  .         Spirit   .     A - +1 cloak
rCorr  .         Warding  .     (no gloves)
rMut   .         Stasis   .     (no barding)
MR     +....                    (no amulet)
Stlth  +.........               (no ring)
                                y - ring of teleport control

@: very quick, somewhat resistant to hostile enchantments, very unstealthy
A: hooves 3, deformed body, speed 2, tough skin 3
a: Evoke Teleport Control


You were on level 5 of the Dungeon.
You were very hungry.

You visited 2 branches of the dungeon, and saw 7 of its levels.

You collected 190 gold pieces.
You spent 99 gold pieces at shops.

Inventory:

Hand weapons
 a - a +0 long sword (weapon)
Missiles
 i - 49 arrows
Armour
 c - a +0 helmet (worn)
 w - a +1 robe of magic resistance (worn)
 A - a +1 cloak (worn)
Magical devices
 b - a wand of lightning (3)
 x - a wand of polymorph (0)
Comestibles
 f - 4 bread rations
 m - 2 meat rations
Scrolls
 e - 2 scrolls of teleportation {unknown}
 g - 2 scrolls of fear {unknown}
 h - 2 scrolls of immolation {unknown}
 n - 5 scrolls of identify {unknown}
 p - 2 scrolls of remove curse {unknown}
 t - a scroll of enchant armour {unknown}
 z - a scroll of blinking {unknown}
 B - a scroll of magic mapping {unknown}
Jewellery
 y - a ring of teleport control (left hand)
Potions
 d - a potion of might {unknown}
 j - a potion of magic {unknown}
 k - a potion of porridge
 l - a potion of brilliance {unknown}
 o - a potion of agility {unknown}
 q - a potion of heal wounds {unknown}
 r - a potion of lignification {unknown}
 s - a potion of resistance {unknown}
 u - a potion of curing
 v - a potion of poison {unknown}


   Skills:
 - Level 2.0 Fighting
 + Level 8.3 Long Blades
 - Level 2.6 Throwing
 - Level 2.1 Dodging


You had 6 spell levels left.
You didn't know any spells.

Dungeon Overview and Level Annotations

Branches:
Dungeon (6/15)             Temple (1/1) D:4

Altars:
Ashenzari
Dithmenos
Nemelex Xobeh
Ru
Trog
Vehumet
Xom
Yredelemnul
Zin
The Shining One

Shops:
D:5 *   D:6 *

Annotations:
D:2 Ijyb


Innate Abilities, Weirdness & Mutations

You have hooves in place of feet.
Armour fits poorly on your strangely shaped body.
You cover ground very quickly.
You have extremely tough skin (AC +3).


Message History

The bolt of lightning misses the raven.
The bolt of lightning misses the centaur.
This wand has 3 charges left.
The raven barely misses you. The raven claws you!
The centaur unwields an uncursed shortbow.
The centaur hits you. The raven closely misses you. The raven claws you.
Unknown command.
You hit the centaur but do no damage. Your kick misses the centaur.
The centaur is severely wounded.
The raven pecks you but does no damage. The raven claws you.
* * * LOW HITPOINT WARNING * * *
The centaur hits you.
* * * LOW HITPOINT WARNING * * *
Unknown command.
You hit the centaur but do no damage. Your kick misses the centaur.
The centaur is severely wounded.
The raven pecks you.
* * * LOW HITPOINT WARNING * * *
The raven closely misses you. The centaur closely misses you.
The raven pecks you!
You die...

ยง..# . ...# ...
...####### ...c.
.........#######....
#................g...
...............#####
.......<.....(.#
#..............#####
............)..b@..#
..#.#.###......c...#
...........[.......#
#...#####..........#
.......##..........#
..[..#..###..##....#
.#..........#.#....#
...................#
##......##.........#


You could see a raven and a centaur.

Vanquished Creatures
  A wyvern (D:5)
  A phantom (D:4)
  An ogre (D:3)
  2 orc priests
  An orc wizard (D:5)
  An iguana (D:5)
  5 worker ants (D:4)
  8 adders
  4 gnolls
  A giant mite (D:4)
  3 worms
  3 giant geckos
  3 oozes
  5 orcs
  2 ball pythons
  7 bats
  10 hobgoblins
  7 jackals
  4 kobolds
  A giant cockroach (D:1)
  6 giant newts
  19 goblins
  A kobold skeleton (D:4)
  3 quokkas (D:2)
  15 rats
114 creatures vanquished.

Notes
Turn   | Place    | Note
--------------------------------------------------------------
     0 | D:1      | Ololoev, the Centaur Gladiator, began the quest for the Orb.
     0 | D:1      | Reached XP level 1. HP: 17/17 MP: 1/1
    58 | D:1      | Reached skill level 3 in Long Blades
   219 | D:1      | Reached XP level 2. HP: 14/24 MP: 2/2
  1134 | D:2      | Noticed Ijyb
  1395 | D:2      | Reached XP level 3. HP: 21/29 MP: 3/3
  1577 | D:2      | Reached skill level 4 in Long Blades
  2064 | D:2      | Reached XP level 4. HP: 36/36 MP: 3/3
  2453 | D:2      | Reached skill level 5 in Long Blades
  2563 | D:3      | Reached XP level 5. HP: 31/41 MP: 4/4
  2644 | D:3      | Noticed an ogre
  2656 | D:3      | Killed an ogre
  2862 | D:3      | Found a shattered altar of Ashenzari.
  2962 | D:3      | Reached skill level 6 in Long Blades
  3655 | D:3      | Reached XP level 6. HP: 40/48 MP: 5/5
  4496 | D:4      | Reached skill level 7 in Long Blades
  4754 | D:4      | Found a staircase to the Ecumenical Temple.
  4763 | Temple   | Entered the Ecumenical Temple
  5021 | D:4      | Found a bloodstained altar of Trog.
  5137 | D:4      | Reached XP level 7. HP: 49/55 MP: 5/5
  5341 | D:5      | Entered Level 5 of the Dungeon
  5746 | D:5      | Noticed a wyvern
  5746 | D:5      | an ice beast changed into a wyvern
  5751 | D:5      | Killed a wyvern
  5751 | D:5      | Reached skill level 8 in Long Blades
  6011 | D:5      | Found Plog's Elemental Accessories.
  6087 | D:6      | Found Topoo's Assorted Antiques.
  6682 | D:5      | Bought a wand of lightning (5) for 99 gold pieces
  6702 | D:5      | Noticed a raven
  6702 | D:5      | a dwarf changed into a raven
  6709 | D:5      | Slain by a raven

Action                   |  1- 3 |  4- 6 |  7- 9 || total
-------------------------+-------+-------+-------++-------
Melee: Long sword        |   147 |   229 |    91 ||   467
Throw: Throwing net      |     5 |     2 |       ||     7
Evoke: Wand              |       |       |     8 ||     8
  Use: Potion            |       |       |     1 ||     1
 Stab: Held in net/web   |     2 |     1 |       ||     3
  Eat: Chunk             |     2 |     9 |     4 ||    15
